AoeStats
← asuna

MegaRandom

509946269Analyzed
4v4 RM · 3d ago on Sep 28, 2026· 54m 45s· 8 players
Game mode
Random Map
Map size
Large (8 player)
Population
200
Speed
Normal
Resources
Standard
Victory
Conquest
Starting age
Dark Age
Ending age
Imperial Age
RankedLock teamsTeams togetherTeam positionsShared explorationLock speedFull tech treeHidden civsTurbo modeCheats
Victory
Defeat
🇩🇪 Persians · Germany
982
+11
🇩🇪 Ethiopians · Germany
964
+12
🇩🇪 Khmer · Germany
915
+14
🇩🇪 Georgians · Germany
898
+13
🇫🇷 Vietnamese · France
883
-13
🇨🇭 Franks · Switzerland
877
-13
🇪🇸 Khmer · Spain
868
-28
🇹🇷 Japanese · Türkiye
824
-11
Léodagan
2:09 Loom
11:27 Feudal Age
11:55 Double-Bit Axe
12:30 Gold Mining
14:39 Fletching
19:34 Wheelbarrow
19:33 Horse Collar
22:18 Padded Archer Armor
26:50 Castle Age
27:23 Stone Mining
27:01 Elite Skirmisher
27:57 Bow Saw
28:49 Thumb Ring
28:45 Crossbowman
29:35 Squires
31:09 Bodkin Arrow
36:08 Fortified Wall
38:50 Heavy Plow
38:54 Pikeman
40:14 Ballistics
41:04 Hand Cart
41:22 Scale Mail Armor
41:34 Forging
45:28 Imperial Age
43:46 Chain Mail Armor
44:01 Murder Holes
46:21 Leather Archer Armor
46:10 Bracer
46:40 Plate Mail Armor
45:58 Onager
47:49 Chemistry
46:55 Siege Engineers
46:24 Halberdier
49:51 Imperial Skirmisher
51:06 Paper Money
52:09 Ring Archer Armor
52:15 Iron Casting
51:45 Treadmill Crane
Internet User
11:34 Feudal Age
13:19 Double-Bit Axe
19:35 Castle Age
21:42 Forging
23:07 Bow Saw
23:47 Scale Barding Armor
24:25 Husbandry
31:05 Wheelbarrow
31:14 Iron Casting
31:00 Chain Barding Armor
35:53 Imperial Age
37:59 Caravan
37:47 Cavalier
38:38 Elite Throwing Axeman
41:30 Paladin
43:57 Chemistry
44:40 Blast Furnace
44:16 Plate Barding Armor
44:04 Hand Cart
43:38 Loom
asuna
8:31 Loom
11:28 Feudal Age
12:59 Double-Bit Axe
17:33 Castle Age
19:59 Bow Saw
26:23 Wheelbarrow
34:06 Imperial Age
31:29 Fletching
31:40 Padded Archer Armor
32:04 Ballistics
31:55 Masonry
32:44 Yasama
33:23 Hand Cart
33:27 Leather Archer Armor
33:23 Horse Collar
33:35 Gold Mining
33:35 Stone Mining
35:34 Parthian Tactics
35:14 Thumb Ring
37:25 Elite Samurai
41:53 Heavy Cavalry Archer
44:21 Bodkin Arrow
44:41 Forging
45:23 Coinage
46:07 Husbandry
46:17 Bloodlines
49:40 Bracer
50:10 Ring Archer Armor
50:44 Chemistry
49:33 Onager
53:32 Squires
52:53 Pikeman
53:20 Arson
apastrana89
9:51 Feudal Age
12:15 Wheelbarrow
14:04 Castle Age
12:14 Double-Bit Axe
12:27 Horse Collar
23:55 Heavy Plow
25:37 Wheelbarrow
29:19 Pikeman
38:07 Tusk Swords
44:12 Imperial Age
45:40 Halberdier
47:22 Double Crossbow
49:59 Ballistics
50:52 Elite Ballista Elephant
52:40 Onager
Gentleman No. 7
12:05 Loom
13:51 Feudal Age
17:55 Castle Age
16:11 Double-Bit Axe
16:56 Fishing Lines
25:35 Medium Warships
28:00 Stone Mining
28:55 Wheelbarrow
28:44 Town Watch
30:14 Horse Collar
31:22 Heavy Plow
35:26 Imperial Age
33:39 Gillnets
34:41 Bloodlines
34:35 Husbandry
34:55 Light Cavalry
36:05 Bow Saw
36:10 Scale Barding Armor
36:25 Gold Mining
37:43 Hand Cart
38:06 Crop Rotation
38:01 Conscription
37:44 Double Crossbow
39:15 Chemistry
38:35 Ballistics
39:16 Caravan
40:08 Chain Barding Armor
39:59 Forging
42:07 Elite Ballista Elephant
44:55 Iron Casting
44:20 Scale Mail Armor
46:06 Padded Archer Armor
47:07 Blast Furnace
46:43 Plate Barding Armor
47:12 Blast Furnace
46:33 Pikeman
47:13 Halberdier
47:26 Hussar
48:55 Tusk Swords
49:46 Chain Mail Armor
51:14 Elite Battle Elephant
53:23 Arson
54:34 Siege Engineers
biernot
10:23 Feudal Age
13:03 Double-Bit Axe
14:09 Horse Collar
14:19 Loom
15:41 Wheelbarrow
15:53 Fletching
16:58 Padded Archer Armor
18:25 Gold Mining
24:38 Castle Age
27:18 Bow Saw
27:50 Bodkin Arrow
28:11 Leather Archer Armor
28:30 Heavy Plow
29:44 Fervor
30:23 Squires
34:46 Imperial Age
33:59 Crossbowman
34:49 Thumb Ring
35:03 Leather Archer Armor
35:19 Ballistics
35:42 Caravan
37:34 Two-Man Saw
37:05 Hand Cart
37:54 Bracer
38:24 Ring Archer Armor
38:31 Arbalester
41:01 Ring Archer Armor
41:39 Chemistry
40:44 Siege Engineers
43:37 Coinage
46:17 Forging
46:07 Scale Mail Armor
49:55 Elite Shotel Warrior
50:57 Conscription
50:38 Royal Heirs
50:40 Torsion Engines
Schnicker11
12:09 Feudal Age
13:19 Double-Bit Axe
14:51 Wheelbarrow
16:43 Gold Mining
19:24 Castle Age
18:01 Fishing Lines
19:37 Horse Collar
20:23 Heavy Plow
20:30 Scale Barding Armor
20:45 Bow Saw
21:52 Bloodlines
21:45 Husbandry
22:51 Loom
23:47 Forging
24:03 Stone Mining
25:21 Hand Cart
30:36 Chain Barding Armor
31:10 Iron Casting
31:47 Ballistics
31:09 Treadmill Crane
31:54 Demolition Ship
32:46 Medium Warships
32:29 Gillnets
33:25 Stone Shaft Mining
37:41 Imperial Age
37:17 Caravan
38:43 Cavalier
40:26 Conscription
40:19 Aznauri Cavalry
45:53 Light Cavalry
47:48 Plate Barding Armor
48:14 Blast Furnace
47:34 Aznauri Cavalry
47:57 Elite Monaspa
49:26 Crop Rotation
54:12 Fletching
54:23 Padded Archer Armor
Achilles
5:48 Loom
13:07 Feudal Age
15:26 Double-Bit Axe
15:50 Fishing Lines
19:45 Castle Age
17:49 Stone Mining
17:50 Gold Mining
20:55 Gillnets
22:00 Scale Barding Armor
21:45 Horse Collar
24:16 Heavy Plow
25:54 Chain Barding Armor
25:45 Forging
26:48 Bloodlines
26:39 Husbandry
28:38 Wheelbarrow
27:49 Town Watch
33:59 Imperial Age
31:23 Fletching
33:45 Kamandaran
33:47 Capped Ram
33:50 Heavy Scorpion
36:05 Crop Rotation
35:21 Crossbowman
37:17 Conscription
37:14 Thumb Ring
37:56 Cavalier
39:36 Bodkin Arrow
40:17 Plate Barding Armor
40:26 Padded Archer Armor
41:31 Iron Casting
43:29 Leather Archer Armor
45:18 Chemistry
44:39 Ballistics
44:00 Elite Skirmisher
46:13 Ring Archer Armor
46:43 Blast Furnace
45:22 Light Cavalry
45:53 Heavy Camel Rider
46:50 Caravan
46:44 Elite Cannon Galleon
Connection lost

Rejoining the realm…

Still unreachable

The connection could not be restored.

Session expired

The server has moved on; the page needs a fresh start.